 Dungeon Crawl Stone Soup version 0.17.0-25-gefc9c12 (webtiles) character file.

91 Gravenous the Chiller (level 4, 0/27 HPs)
             Began as an Octopode Ice Elementalist on Nov 18, 2015.
             Succumbed to a worker ant's poison
             ... on level 4 of the Dungeon.
             The game lasted 00:03:34 (3225 turns).

Gravenous the Chiller (Octopode Ice Elementalist)   Turns: 3225, Time: 00:03:34

Health: 0/27       AC:  1    Str:  7    XL:     4   Next: 59%
Magic:  7/7        EV: 12    Int: 18    God:
Gold:   230        SH:  0    Dex: 12    Spells: 2 memorised, 3 levels left

rFire  . . .     SeeInvis .     i - -2 dagger (curse)
rCold  . . .     Clarity  .     (no shield)
rNeg   . . .     SustAt   .     (helmet restricted)
rPois  .         Gourm    .     (no amulet)
rElec  .         Spirit   .     (no ring)
rCorr  .         Warding  .     (no ring)
rMut   .         Stasis   .     (no ring)
MR     .....                    (no ring)
Stlth  ++++......               (no ring)
                                (no ring)
                                (no ring)
                                (no ring)

@: lethally poisoned (0 -> -8), not resistant to hostile enchantments, stealthy
A: almost no armour, amphibious, 8 rings, constrict 8, camouflage 1, gelatinous
body 1
a: no special abilities


You were on level 4 of the Dungeon.
You were not hungry.

You visited 1 branch of the dungeon, and saw 4 of its levels.

You collected 230 gold pieces.

Inventory:

Hand Weapons
 i - a cursed -2 dagger (weapon)
Jewellery
 m - an uncursed ring of positive energy {unknown}
 p - a cursed -2 ring of evasion {unknown}
 u - an uncursed ring of see invisible {unknown}
Scrolls
 c - 2 scrolls of immolation {unknown}
 d - a scroll of noise {unknown}
 e - 4 scrolls of identify {unknown}
 h - a scroll of random uselessness {unknown}
 l - a scroll of fear {unknown}
 o - a scroll of enchant armour {unknown}
 r - a scroll of teleportation {unknown}
 t - a scroll of enchant weapon {unknown}
Potions
 j - a potion of magic
 k - a potion of lignification {unknown}
 n - a potion of degeneration {unknown}
 s - 2 potions of haste {unknown}
Books
 a - a book of Frost

   Spells                             Type                      Level
   a - Freeze                         Ice                          1
   b - Throw Frost                    Conjuration/Ice              2
   c - Ozocubu's Armour               Charms/Ice                   3
   d - Throw Icicle                   Conjuration/Ice              4
   e - Summon Ice Beast               Ice/Summoning                4
   f - Condensation Shield            Ice                          4
Comestibles
 b - 3 bread rations
 f - 4 meat rations
 g - a slice of pizza
 q - 16 fruits
 v - a chunk of flesh


   Skills:
 - Level 2.0 Dodging
 + Level 4.2 Stealth
 + Level 2.3 Spellcasting
   Level 1.0 Conjurations
 * Level 4.4 Ice Magic


You had 3 spell levels left.
You knew the following spells:

 Your Spells              Type           Power        Failure   Level  Hunger
a - Freeze                Ice            ###.         3%          1    #......
b - Ozocubu's Armour      Chrm/Ice       ##......     24%         3    ###....


Dungeon Overview and Level Annotations

Branches:
Dungeon (4/15)
 Temple: D:4-7

Altars:
Dithmenos
Gozag
Okawaru


Innate Abilities, Weirdness & Mutations

You cannot wear most types of armour.
You are amphibious.
You can wear up to eight rings at the same time.
You can use your tentacles to constrict eight enemies at once.
Your skin changes colour to match your surroundings (Stealth).
Your rubbery body absorbs attacks (AC +1).


Message History

Casting: Freeze
Confirm with . or Enter, or press ? or * to list all spells.
You don't know that spell.
Sorry, you're not good enough to have a special ability.
Casting: Freeze
Confirm with . or Enter, or press ? or * to list all spells.
You don't know that spell.
Casting: Freeze
Confirm with . or Enter, or press ? or * to list all spells.
Aiming: Freeze
Press: ? - help, Shift-Dir - straight line, f/p - worker ant
Aim: a worker ant (severely wounded)
You freeze the worker ant.
You kill the worker ant!
* * * LOW HITPOINT WARNING * * *
You feel sick. The quokka bites you.
* * * LOW HITPOINT WARNING * * *
Drink which item? (? for menu, Esc to quit)
It was a potion of magic.
Magic courses through your body.
You die...

#.# #..#
#..#####..#
........#
#......##
#[.....#####
##..........#
##..#....##..##
##.####..$##.<.#
# ##.##
#...$.@†.#
####.##
###....r....#
.##..#
#######..##
....## .#
....###### #
##.........
#######.[.


You could see a quokka.

Vanquished Creatures
  A worker ant (D:4)
  An adder (D:3)
  An ooze (D:3)
  A worm (D:2)
  A giant gecko (D:1)
  An orc (D:3)
  4 giant cockroaches
  A goblin (D:2)
  4 hobgoblins
  14 jackals
  3 kobolds
  6 bats
  6 giant newts
  2 quokkas
  7 rats
53 creatures vanquished.

Notes
Turn   | Place    | Note
--------------------------------------------------------------
     0 | D:1      | Gravenous the Octopode Ice Elementalist began the quest for the Orb.
     0 | D:1      | Reached XP level 1. HP: 11/11 MP: 3/3
   339 | D:1      | Reached XP level 2. HP: 10/17 MP: 5/5
   768 | D:2      | Found an opulent altar of Gozag.
  1110 | D:2      | Found an iron altar of Okawaru.
  1204 | D:2      | Reached XP level 3. HP: 16/21 MP: 1/6
  2053 | D:3      | Found a shadowy altar of Dithmenos.
  2232 | D:3      | Reached skill level 4 in Ice Magic
  2553 | D:3      | Learned a level 3 spell: Ozocubu's Armour
  2593 | D:3      | Reached XP level 4. HP: 18/27 MP: 3/7
  2753 | D:3      | Found a faded altar to an unknown god.
  3224 | D:4      | HP: 1/27 [quokka (3)]
  3225 | D:4      | Succumbed to a worker ant's poison

Action                   |  1- 3 |  4- 6 || total
-------------------------+-------+-------++-------
Melee: Dagger            |    63 |     9 ||    72
       Unarmed           |     1 |       ||     1
 Cast: Freeze            |    36 |     9 ||    45
  Use: Potion            |       |     1 ||     1
 Stab: Sleeping          |     8 |     4 ||    12
  Eat: Chunk             |     5 |     3 ||     8
